 Dungeon Crawl Stone Soup version 0.21.0-3-g78d12a8bdd (webtiles) character file.

2386 team8te the Slicer (level 9, -5/67 HPs)
             Began as a Human Hunter on Jan 11, 2018.
             Was an Initiate of Gozag.
             Killed by divine providence
             ... invoked by an orc priest
              (15 damage)
             ... on level 7 of the Dungeon.
             The game lasted 00:49:43 (8112 turns).

team8te the Slicer (Human Hunter)                   Turns: 8112, Time: 00:49:44

Health: -5/67      AC: 11    Str: 17    XL:     9   Next: 74%
Magic:  9/9        EV: 12    Int: 13    God:    Gozag
Gold:   691        SH:  0    Dex: 16    Spells: 8/8 levels left

rFire    . . .     SeeInvis .   b - +0 short sword
rCold    . . .     Gourm    .   (no shield)
rNeg     + . .     Faith    +   z - +4 scale mail {rN+}
rPois    .         Spirit   .   (no helmet)
rElec    .         Reflect  .   (no cloak)
rCorr    .         Harm     .   (no gloves)
MR       .....                  C - +0 pair of boots
Stlth    +.........             p - amulet of faith
HPRegen  0.21/turn              h - +3 ring of slaying
MPRegen  0.11/turn              (no ring)

@: mighty, gold aura
A: robust 1
a: Potion Petition, Call Merchant, Bribe Branch, Renounce Religion


You were on level 7 of the Dungeon.
You worshipped Gozag.
Gozag was pleased with you.
You were not hungry.

You visited 2 branches of the dungeon, and saw 8 of its levels.

You collected 887 gold pieces.
You spent 157 gold pieces at shops.
You paid 39 gold pieces to Gozag.

Inventory:

Hand Weapons
 a - a +1 hand crossbow
 b - a +0 short sword (weapon)
 k - a +1 whip of venom
 v - a +2 hand axe of chopping
 w - a +1 mace of holy wrath
 y - a +2 arbalest of velocity
 D - a +0 war axe of flaming
Missiles
 d - 4 bolts
Armour
 j - a +0 leather armour
 l - a +0 leather armour
 n - a +0 ring mail
 s - a +0 scale mail
 x - a cursed +0 scale mail
 z - a +4 scale mail of positive energy (worn)
 C - a +0 pair of boots (worn)
Jewellery
 h - a +3 ring of slaying (left hand)
 p - an amulet of faith (around neck)
 r - an uncursed ring of fire
Scrolls
 g - a scroll of remove curse
 i - 6 scrolls of identify
 m - 2 scrolls of teleportation
 o - a scroll of enchant weapon
 q - a scroll of enchant armour {unknown}
 E - a scroll of immolation {unknown}
Potions
 e - 3 potions of resistance
 t - a potion of flight {unknown}
 A - a potion of cancellation {unknown}
 B - a potion of curing
Books
 c - a book of Changes

   Spells                             Type                      Level
   a - Beastly Appendage              Transmutation                1
   b - Sticks to Snakes               Transmutation                2
   c - Spider Form                    Transmutation/Poison         3
   d - Ice Form                       Ice/Transmutation            4
   e - Blade Hands                    Transmutation                5
Comestibles
 f - 6 rations


   Skills:
 - Level 2.0 Fighting
 + Level 8.4 Short Blades
 - Level 8.0 Crossbows
 - Level 5.0 Dodging
 + Level 3.8 Stealth


You had 8 spell levels left.
You didn't know any spells.

Dungeon Overview and Level Annotations

Branches:
Dungeon (7/15)             Temple (1/1) D:5

Altars:
Ashenzari
Cheibriados
Dithmenos
Elyvilon
Fedhas
Gozag
Hepliaklqana
Kikubaaqudgha
Makhleb
Nemelex Xobeh
Okawaru
Qazlal
Ru
Sif Muna
Trog
Uskayaw
Vehumet
Wu Jian
Xom
Yredelemnul
Zin
The Shining One

Shops:
D:5 (


Innate Abilities, Weirdness & Mutations

You are robust. (+10% HP)


Message History

You feel very mighty all of a sudden.
You hit the orc.
The orc is severely wounded.
The orc barely misses you.
You closely miss the orc.
The orc is severely wounded.
The orc hits you but does no damage. The orc barely misses you.
You puncture the orc!
You kill the orc!
The orc closely misses you.
The orc priest invokes the aid of Beogh against you.
Beogh smites you!
* * * LOW HITPOINT WARNING * * *
You see here 7 gold pieces.
You puncture the orc!
You kill the orc!
The orc priest mumbles some strange prayers to Beogh against you.
Beogh smites you!
You die...
Your body crumbles into a pile of gold.

#.# #o# ###. #.#
#o# #.# #.# ### #.
#.# #.#...
...####.###.#.# #
#.............###)#
##
..........$!#.#....
..
#######o###....>#.#
##
=......@$.........#
######.####.#.#####
#. #.#.# #.
#.#.########## #.
#............. #.
#..#..######## #.
##...## #. ##.##
#.#


You could see an orc priest.

Vanquished Creatures
  Grinder (D:3)
  A water moccasin (D:5)
  2 sky beasts
  2 black bears
  An ice beast (D:5)
  4 ogres
  A centaur (D:7)
  A big kobold (D:7)
  2 bullfrogs
  A scorpion (D:5)
  A howler monkey (D:6)
  A bullfrog zombie (D:6)
  2 crimson imps
  A jelly (D:7)
  2 hounds (D:5)
  An orc priest (D:5)
  7 orc wizards
  3 centaur skeletons (D:5)
  An iguana (D:6)
  6 worker ants
  A killer bee zombie (D:7)
  A mummy (D:6)
  3 gnolls (D:3)
  10 adders
  2 oozes
  An adder zombie (D:7)
  An adder skeleton (D:6)
  3 dart slugs
  3 worms
  3 leopard geckos
  26 orcs
  A ball python (D:6)
  7 bats
  5 giant cockroaches
  7 goblins
  4 hobgoblins
  5 jackals (D:4)
  6 kobolds
  5 quokkas
  A frilled lizard (D:1)
  A goblin zombie (D:6)
  2 leopard gecko skeletons (D:4)
  An orc zombie (D:6)
  8 rats
148 creatures vanquished.

Notes
Turn   | Place    | Note
-------+----------+-------------------------------------------
     0 | D:1      | team8te the Human Hunter began the quest for the Orb.
     0 | D:1      | Reached XP level 1. HP: 16/16 MP: 1/1
     7 | D:1      | Reached XP level 2. HP: 22/22 MP: 2/2
   544 | D:2      | Reached XP level 3. HP: 27/27 MP: 3/3
   692 | D:2      | Reached skill level 5 in Crossbows
   996 | D:2      | Reached XP level 4. HP: 33/33 MP: 4/4
  2302 | D:3      | Reached XP level 5. HP: 17/38 MP: 5/5
  3109 | D:3      | Found a snail-covered altar of Cheibriados.
  3112 | D:3      | Found an opulent altar of Gozag.
  3113 | D:3      | Found a hide-covered altar of Uskayaw.
  3113 | D:3      | Found a bloodstained altar of Trog.
  3121 | D:3      | Reached skill level 1 in Short Blades
  3197 | D:3      | Found a shimmering altar of Xom.
  3430 | D:3      | Noticed Grinder
  3451 | D:3      | HP: 1/38 [Grinder (2)]
  3459 | D:3      | Killed Grinder
  3459 | D:3      | Reached XP level 6. HP: 7/44 MP: 6/6
  3551 | D:3      | Became a worshipper of Gozag Ym Sagoz the Greedy
  4001 | D:4      | Reached XP level 7. HP: 40/50 MP: 7/7
  4185 | D:4      | Found a hazy altar of Hepliaklqana.
  4348 | D:4      | Found a sparkling altar of Nemelex Xobeh.
  4932 | D:5      | Entered Level 5 of the Dungeon
  4972 | D:5      | Noticed a water moccasin
  4977 | D:5      | Killed a water moccasin
  5373 | D:5      | Reached XP level 8. HP: 56/56 MP: 8/8
  5420 | D:5      | Found Ythric's Antique Weapon Shoppe.
  5450 | D:5      | Bought a runed arbalest for 157 gold pieces
  5758 | D:5      | Found a basalt altar of Yredelemnul.
  5903 | D:5      | Gained mutation: You are clumsy. (Dex -2) [potion of mutation]
  5903 | D:5      | Lost mutation: You are clumsy. (Dex -2) [potion of mutation]
  5903 | D:5      | Gained mutation: You are robust. (+10% HP) [potion of mutation]
  5943 | D:5      | HP: 3/61 [crimson imp (1)]
  6494 | D:5      | Reached skill level 5 in Short Blades
  6611 | D:5      | Found a staircase to the Ecumenical Temple.
  6617 | Temple   | Entered the Ecumenical Temple
  7111 | D:6      | Found a sand-covered staircase.
  7113 | D:6      | Reached XP level 9. HP: 66/67 MP: 9/9
  7251 | D:6      | Reached skill level 5 in Dodging
  8112 | D:7      | Killed from afar by an orc priest

Skill      XL: |  1  2  3  4  5  6  7  8  9 |
---------------+----------------------------+-----
Crossbows      | 5 6 7 8 |  8.0
Short Blades   | 2 3 5 8 |  8.4
Dodging        | 3 4 5 |  5.0
Stealth        | 2 3 |  3.8
Fighting       | |  2.0

Action                   |  1- 3 |  4- 6 |  7- 9 || total
-------------------------+-------+-------+-------++-------
Melee: Short sword       |       |    85 |   120 ||   205
 Fire: Hand crossbow     |    51 |    61 |   114 ||   226
       Arbalest          |       |       |    82 ||    82
Invok: Potion Petition   |       |       |     1 ||     1
  Use: Potion            |       |     4 |     3 ||     7
       Scroll            |       |     2 |    10 ||    12
  Eat: Ration            |       |     2 |     4 ||     6
       Chunk             |       |     2 |       ||     2
Armor: Leather armour    |     5 |     6 |       ||    11
       Ring mail         |       |    57 |    14 ||    71
       Scale mail        |       |       |    72 ||    72
Dodge: Dodged            |    11 |    94 |    92 ||   197
